 Dungeon Crawl Stone Soup version 0.25-a0-665-ga69d64035b (webtiles) character file.

Game seed: 8040934352554166992, levelgen mode: deterministic

6 kae the Gusty (level 1, -1/10 HPs)
             Began as a Tengu Air Elementalist on Mar 26, 2020.
             Slain by a hobgoblin (3 damage)
             ... on level 1 of the Dungeon.
             The game lasted 00:00:11 (104 turns).

kae the Gusty (Tengu Air Elementalist)               Turns: 104, Time: 00:00:12

Health: -1/10      AC:  2    Str:  8    XL:     1   Next: 90%
Magic:  0/4        EV: 12    Int: 15    God:
Gold:   4          SH:  0    Dex: 14    Spells: 3/4 levels left

rFire    . . .     SeeInvis .   (no weapon)
rCold    . . .     Gourm    .   (no shield)
rNeg     . . .     Faith    .   a - +0 robe
rPois    .         Spirit   .   (helmet restricted)
rElec    .         Reflect  .   (no cloak)
rCorr    .         Harm     .   (no gloves)
MR       .....                  (boots unavailable)
Stlth    ++........             (no amulet)
HPRegen  0.03/turn              (no ring)
MPRegen  0.09/turn              (no ring)

@: very slightly contaminated
A: beak, talons 3
a: no special abilities


You were on level 1 of the Dungeon.
You were not hungry.

You visited 1 branch of the dungeon, and saw 1 of its levels.

You collected 4 gold pieces.

Inventory:

Armour
 a - a +0 robe (worn)
Jewellery
 d - an uncursed ring of fire {unknown}
Scrolls
 b - a scroll of identify {unknown}
Comestibles
 c - a ration


   Skills:
 - Level 2.1 Dodging
 - Level 2.0 Stealth
 + Level 2.1 Spellcasting
 + Level 1.7 Conjurations
 * Level 4.3 Air Magic


You had 3 spell levels left.
You knew the following spells:

 Your Spells              Type           Power        Failure   Level  Hunger
a - Shock                 Conj/Air       ##..         6%          1    #......

Your spell library contained the following spells:

 Spells                   Type           Power        Failure   Level  Hunger
 Swiftness                Chrm/Air       #.......     14%         2    ###....
 Static Discharge         Conj/Air       ##......     19%         3    ###....
 Airstrike                Air            ##........   36%         4    #####..
 Lightning Bolt           Conj/Air       ##........   87%         5    ######.


Dungeon Overview and Level Annotations

Branches:
Dungeon (1/15)

Altars:


Innate Abilities, Weirdness & Mutations

You have a beak for a mouth.
You have claws for feet.


Message History

The hobgoblin barely misses you. The hobgoblin completely misses you.
You closely miss the hobgoblin. Your peck misses the hobgoblin.
The hobgoblin is almost dead.
The hobgoblin closely misses you.
The hobgoblin hits you with a cursed -2 club.
* * * LOW HITPOINT WARNING * * *
You hit the hobgoblin but do no damage. Your peck misses the hobgoblin.
The hobgoblin is almost dead.
The hobgoblin hits you but does no damage.
The hobgoblin barely misses you.
Casting: Shock (safe; 7% risk of failure)
Confirm with . or Enter, or press ? or * to list all spells.
Aiming: Shock (safe; 7% risk of failure)
Press: ? - help, Shift-Dir - straight line, f/p - hobgoblin
Aim: a hobgoblin, wielding a -2 club (almost dead)
The zap hits the hobgoblin.
You kill the hobgoblin!
The hobgoblin hits you.
You die...

#########
#...##.........
###.#..########
##.....# #...#.##
#### ####.....###
...##..........#
#.....#.>.###..#
#..r.#....# #.#
###...)@g).# ...
.###......#....#
#..
..........###..#
.#
.#................
...#..##..###.#...
.# #.# ##...
...... #.. ..### #
... #. .## . ?


You could see a hobgoblin and a rat.

Vanquished Creatures
  2 bats (D:1)
  2 hobgoblins (D:1)
  A frilled lizard (D:1)
5 creatures vanquished.

Notes
Turn   | Place    | Note
-------+----------+-------------------------------------------
     0 | D:1      | kae the Tengu Air Elementalist began the quest for the Orb.
     0 | D:1      | Reached XP level 1. HP: 10/10 MP: 4/4
   104 | D:1      | Slain by a hobgoblin

Levels and vault maps discovered:
D:1:      co_arrival_random_square_maze, layout_rooms, minmay_misc_feat_doors,
          kennysheep_flooded_box, tso_altar

Action                   || total
-------------------------++-------
Melee: Unarmed           ||    16
       Kick              ||     2
 Cast: Shock             ||     7
Armor: Robe              ||     3
Dodge: Dodged            ||    11

Table legend:
 A = Non-vault XP
 B = Vault XP
 C = Vault XP percentage of total XP
 D = Non-vault monster count
 E = Vault monster count
 F = Vault count percentage of total count
                 A         B        C        D         E       F
            +---------+---------+-------+---------+---------+-------
      Total |       9 |       0 |   0.0 |       5 |       0 |   0.0
            +---------+---------+-------+---------+---------+-------
        D:1 |       9 |       0 |   0.0 |       5 |       0 |   0.0
            +---------+---------+-------+---------+---------+-------
